 Dungeon Crawl Stone Soup version 0.18.1-50-g88ac8fd (webtiles) character file.

42 grisgris the Caller (level 3, 0/19 HPs)
             Began as a Deep Elf Summoner on Nov 10, 2016.
             Succumbed to an adder's poison
             ... on level 2 of the Dungeon.
             The game lasted 00:08:59 (1098 turns).

grisgris the Caller (Deep Elf Summoner)             Turns: 1098, Time: 00:09:00

Health: 0/19       AC:  5    Str:  5    XL:     3   Next: 35%
Magic:  2/9        EV: 13    Int: 20    God:
Gold:   66         SH:  0    Dex: 15    Spells: 2 memorised, 5 levels left

rFire  . . .     SeeInvis .     d - +1 dagger
rCold  . . .     Gourm    .     a - +0 robe
rNeg   . . .     Faith    .     (no shield)
rPois  .         Spirit   .     (no helmet)
rElec  .         Dismiss  .     h - +2 cloak
rCorr  .         Reflect  .     (no gloves)
SustAt .         Harm     .     (no boots)
MR     .....                    (no amulet)
Stlth  ++........               (no ring)
                                (no ring)

@: lethally poisoned (0 -> -12), not resistant to hostile enchantments,
unstealthy
A: no striking features
a: no special abilities


You were on level 2 of the Dungeon.
You were not hungry.

You visited 1 branch of the dungeon, and saw 2 of its levels.

You collected 66 gold pieces.

Inventory:

Hand Weapons
 d - a +1 dagger (weapon)
Armour
 a - a +0 robe (worn)
 h - a +2 cloak (worn)
Scrolls
 g - a scroll of remove curse {unknown}
Potions
 e - 2 potions of flight
Books
 b - a book of Callings

   Spells                             Type                      Level
   a - Summon Small Mammal            Summoning                    1
   b - Call Imp                       Summoning                    2
   c - Call Canine Familiar           Summoning                    3
   d - Summon Guardian Golem          Hexes/Summoning              3
   e - Summon Lightning Spire         Summoning/Air                4
   f - Summon Ice Beast               Ice/Summoning                4
Comestibles
 f - 2 meat rations


   Skills:
 + Level 2.8 Dodging
 + Level 3.1 Stealth
 + Level 3.4 Spellcasting
 * Level 5.0 Summonings


You had 5 spell levels left.
You knew the following spells:

 Your Spells              Type           Power        Failure   Level  Hunger
a - Summon Small Mammal   Summ           ###.         1%          1    None
b - Call Imp              Summ           ###.....     2%          2    ##.....


Dungeon Overview and Level Annotations

Branches:
Dungeon (2/15)

Altars:


Message History

* * * LOW HITPOINT WARNING * * *
You are more poisoned.
The adder poisons you!
Your crimson imp blinks!
Your white imp gestures at the adder.
The puff of frost hits the adder.
You swap places.
* * * LOW HITPOINT WARNING * * *
You feel sick.
Your bat disappears in a puff of smoke!
The adder closely misses your white imp.
Your quokka misses the adder.
Your white imp hits the adder.
The adder dies!
Your Stealth skill increases to level 3!
Eat which item? (? for menu, Esc to quit)
* * * LOW HITPOINT WARNING * * *
You feel sick. The hobgoblin hits your quokka.
Your white imp completely misses the hobgoblin.
You continue eating.
You die...

#.......# #..<....# .
###.......# ## .........###
.# #####..#.# .##############
#....###
......5gg...5g####.#....#
.....5#######5r##..##.#.## .
####...# ##†.@........###....
#
#....#########.##....†.†.....
.
#.#...............#.##.......
#.##.####......÷..#.#........
#.# .# ##........#.......>..
... .. ##...)......#...#....
#.. .. #.............#.#....
............#.###.# ###
.............#.# .#


You could see a hobgoblin, a friendly crimson imp, a friendly white imp and a
friendly quokka.

Vanquished Creatures
  A goblin (D:2)
  A jackal (D:2)
  3 bats
  A rat (D:1)
6 creatures vanquished.

Vanquished Creatures (collateral kills)
  2 adders (D:2)
  A worm (D:2)
  2 dart slugs
  2 giant geckos
  A bat (D:2)
  2 giant cockroaches (D:1)
  5 hobgoblins
  4 jackals (D:2)
  2 giant newts (D:1)
  5 goblins (D:1)
  A kobold (D:2)
  2 rats
29 creatures vanquished.

Grand Total: 35 creatures vanquished

Notes
Turn   | Place    | Note
--------------------------------------------------------------
     0 | D:1      | grisgris the Deep Elf Summoner began the quest for the Orb.
     0 | D:1      | Reached XP level 1. HP: 10/10 MP: 6/6
   204 | D:1      | Reached XP level 2. HP: 7/15 MP: 4/8
   775 | D:1      | Learned a level 2 spell: Call Imp
   918 | D:2      | Reached skill level 5 in Summonings
  1041 | D:2      | Reached XP level 3. HP: 19/19 MP: 1/9
  1098 | D:2      | Succumbed to an adder's poison

Skill      XL: |  1  2  3 |
---------------+----------+-----
Summonings     | 5 |  5.0
Stealth        | 3 |  3.1
Dodging        | |  2.8
Spellcasting   | |  3.4

Action                   || total
-------------------------++-------
Melee: Dagger            ||    28
 Cast: Summon Small Mamm ||    45
       Call Imp          ||    11
  Use: Scroll            ||     5
       Potion            ||     1
 Stab: Sleeping          ||     1
  Eat: Bread ration      ||     1
Armor: Robe              ||    24
Dodge: Dodged            ||    54
